 Dungeon Crawl Stone Soup version 0.30-a0-860-g512cf1e979 (webtiles) character file.

Game seed: 12501643057185270359

2893 cforsyth the Thaumaturge (level 9, -2/45 HPs)
             Began as a Deep Elf Earth Elementalist on Mar 7, 2023.
             Was an Initiate of Vehumet.
             Shot with a bolt by an orc warrior (14 damage)
             ... on level 8 of the Dungeon.
             The game lasted 00:08:58 (7693 turns).

cforsyth the Thaumaturge (DEEE)                     Turns: 7693, Time: 00:08:59

Health: -2/45      AC:  4    Str:  5    XL:     9   Next: 48%
Magic:  22/25      EV: 12    Int: 25    God:    Vehumet [......]
Gold:   527        SH:  0    Dex: 15    Spells: 25/29 levels left

rFire   . . .      SeeInvis .    (no weapon)
rCold   . . .      Faith    .    (no shield)
rNeg    . . .      Spirit   .    a - +0 robe
rPois   .          Reflect  .    j - +0 helmet
rElec   .          Rampage  .    (no cloak)
rCorr   .                        (no gloves)
Will    .....                    w - +0 pair of boots
Stlth   ++                       (no amulet)
HPRegen 0.27/turn                (no ring)
MPRegen 0.19/turn                (no ring)

@: no status effects
A: no striking features
a: Renounce Religion


You were on level 8 of the Dungeon.
You worshipped Vehumet.
Vehumet was noncommittal.
You visited 2 branches of the dungeon, and saw 9 of its levels.

You collected 527 gold pieces.

Inventory:

Missiles
 B - a throwing net
Armour
 a - a +0 robe (worn)
 j - a +0 helmet (worn)
 w - a +0 pair of boots (worn)
Jewellery
 p - the ring "Puiru" {Contam Str+6 Slay+2 Stlth+}
   (You found it on level 3 of the Dungeon)

   [ring of strength]

   Str:       It affects your strength (+6).
   Slay:      It affects your accuracy & damage with ranged weapons and melee
   (+2).
   Contam:    It causes magical contamination when unequipped.
   Stlth:     It makes you more stealthy.
 v - an amulet of magic regeneration
 D - a +6 ring of strength
Wands
 s - a wand of charming (11)
Scrolls
 c - 2 scrolls of noise {unknown}
 e - 2 scrolls of fear {unknown}
 g - 8 scrolls of identify {unknown}
 i - 2 scrolls of immolation {unknown}
 l - 4 scrolls of magic mapping {unknown}
 m - a scroll of vulnerability {unknown}
 n - 3 scrolls of teleportation {unknown}
 q - a scroll of summoning {unknown}
 t - 2 scrolls of amnesia {unknown}
 x - a scroll of brand weapon {unknown}
 y - a scroll of acquirement {unknown}
 C - a scroll of blinking {unknown}
 E - a scroll of poison {unknown}
 F - a scroll of enchant armour {unknown}
Potions
 b - 3 potions of magic
 d - 3 potions of heal wounds
 f - 3 potions of haste {unknown}
 h - 3 potions of invisibility {unknown}
 k - 7 potions of brilliance {unknown}
 o - a potion of curing {unknown}
 r - a potion of lignification {unknown}
 u - 2 potions of mutation {unknown}
 z - a potion of degeneration {unknown}
 A - a potion of berserk rage {unknown}


   Skills:
 - Level 2.4 Dodging
 - Level 2.4 Stealth
 + Level 10.9 Spellcasting
 + Level 7.2 Conjurations
 - Level 1.1 Transmutations
 + Level 9.4 Earth Magic


You had 25 spell levels left.
You knew the following spells:

 Your Spells              Type           Power      Damage    Failure   Level
a - Sandblast             Erth           100%       2d20      1%          1
b - Stone Arrow           Conj/Erth      100%       3d13      1%          3

Your spell library contained the following spells:

 Spells                   Type           Power      Damage    Failure   Level
 Passwall                 Tmut/Erth      32%        N/A       1%          2
 Sting                    Tmut/Pois      64%        1d6       3%          1
 Petrify                  Tmut/Erth      39%        N/A       5%          4
 Iskenderun's Battlesphe  Conj           50%        2d10      6%          5
 Poisonous Vapours        Pois/Air       26%        N/A       7%          2
 Fireball                 Conj/Fire      15%        3d8       28%         5
 Olgreb's Toxic Radiance  Pois           13%        N/A       41%         4
 Conjure Ball Lightning   Conj/Air       15%        3x3d6     83%         6
 Orb of Destruction       Conj           25%        9d9       88%         7


Dungeon Overview and Level Annotations

Branches:
Dungeon (8/15)             Temple (1/1) D:4
   Lair: D:8-11

Altars:
Cheibriados
Dithmenos
Elyvilon
Fedhas
Gozag
Hepliaklqana
Kikubaaqudgha
Makhleb
Nemelex Xobeh
Okawaru
Qazlal
Ru
Sif Muna
Uskayaw
Vehumet
Xom
Yredelemnul
Zin
The Shining One
Lugonu

Shops:
D:1 *   D:5 :   D:8 !

Annotations:
D:8 Gastronok, Joseph


Message History

Found 2 stones.
An orc comes into view. It is wielding a +0 hand axe.
Found a trident.
An orc is nearby!
An orc is nearby!
An orc is nearby!
An orc is nearby!
The orc shouts!
An orc warrior comes into view.
It is wielding a +0 war axe. 2 orcs come into view.
The blast of sand hits the orc!
You kill the orc!
Vehumet accepts your kill.
The orc shouts! x2
The blast of sand hits the orc warrior.
The orc warrior is lightly wounded.
The orc warrior unwields a +0 war axe.
The orc warrior wields a +0 arbalest.
The orc warrior shoots a bolt.
The bolt hits you.
The blast of sand hits the orc!!
You kill the orc!
Vehumet accepts your kill.
The orc warrior shoots a bolt.
The bolt closely misses you.
The orc warrior shoots a bolt.
The bolt hits you.
Gastronok the Ponderous comes into view.
Gastronok gurgles horribly!
The blast of sand hits the orc!!
You kill the orc!
Vehumet accepts your kill.
Joseph, a Mercenary comes into view.
He is wielding a +0 quarterstaff and carrying a wand of mindburst (12).
The orc warrior shoots a bolt.
The bolt hits you!
Joseph unwields a +0 quarterstaff.
Joseph wields a +2 sling of flaming.
It bursts into flame!
Joseph shoots a sling bullet.
The sling bullet hits you! The sling bullet burns you.
* * * LOW HITPOINT WARNING * * *
A jelly comes into view.
You are too injured to fight recklessly!
You are too injured to fight recklessly!
Unknown command.
The orc warrior shoots a bolt.
The bolt hits you!
You die...

....... ##... #... .......
.... #### .......##... ... #
......o.... .... # .....).)..#
.... # .......)..#..... #
J.........#..... #
@w........(..... ####
........@..###.# #...
...............#######.##
...)...#.#######.......##
.......#.# #.....#####
..>....#.######.###.#
................#...#####
......#.#.##.......###.#...<#.
......#.#....P.P..## #.#.#####
....##.####.._...# #.#......


You could see Gastronok and an orc warrior.

Vanquished Creatures
  6 yaks
  2 steam dragons
  Menkaure (D:6)
  Duvessa (D:4)
  A sky beast (D:7)
  3 black bears
  A centaur (D:6)
  A phantom (D:5)
  3 scorpions
  Dowan (D:4)
  A howler monkey (D:5)
  A hound (D:7)
  5 jellies
  2 orc priests
  A gnoll bouda (D:7)
  3 iguanas
  4 orc wizards
  Natasha (thrice) (D:2)
  4 gnolls (D:7)
  6 adders
  2 shadow imps (D:5)
  A white imp (D:5)
  An ufetubus (D:5)
  2 worms (D:2)
  4 dart slugs
  26 orcs
  6 bats
  6 endoplasms
  3 giant cockroaches
  10 goblins
  5 hobgoblins
  5 quokkas
  6 ball pythons
  A frilled lizard (D:1)
  7 kobolds
  9 rats
144 creatures vanquished.

Notes
Turn   | Place    | Note
-------+----------+-------------------------------------------
     0 | D:1      | cforsyth the Deep Elf Earth Elementalist began the quest
                  | for the Orb.
     0 | D:1      | Reached XP level 1. HP: 10/10 MP: 6/6
    59 | D:1      | Found Hohoxiuch's Assorted Antiques.
   198 | D:1      | Reached XP level 2. HP: 15/15 MP: 5/8
   619 | D:1      | Reached skill level 4 in Spellcasting
   755 | D:1      | Reached XP level 3. HP: 19/19 MP: 8/10
  1083 | D:2      | Noticed Natasha
  1086 | D:2      | Killed Natasha
  1126 | D:2      | Reached XP level 4. HP: 24/24 MP: 10/12
  1238 | D:2      | Noticed Natasha
  1243 | D:2      | Killed Natasha
  1244 | D:2      | Reached skill level 5 in Spellcasting
  1323 | D:2      | Noticed Natasha
  1332 | D:2      | Killed Natasha
  1381 | D:2      | Reached skill level 5 in Earth Magic
  1543 | D:2      | Reached XP level 5. HP: 25/28 MP: 8/14
  2347 | D:3      | Identified the ring "Puiru" {Contam Str+6 Slay+2 Stlth+}
  2779 | D:4      | Found a staircase to the Ecumenical Temple.
  2792 | Temple   | Entered the Ecumenical Temple
  2845 | D:4      | Reached skill level 6 in Spellcasting
  2886 | D:4      | Noticed Dowan
  3068 | D:4      | Killed Dowan
  3069 | D:4      | Reached XP level 6. HP: 26/32 MP: 14/17
  3102 | D:4      | Learned a level 3 spell: Stone Arrow
  3123 | D:4      | Noticed Duvessa
  3130 | D:4      | Killed Duvessa
  3131 | D:4      | Reached skill level 1 in Conjurations
  3333 | D:4      | Reached skill level 7 in Spellcasting
  3333 | D:4      | Reached XP level 7. HP: 18/36 MP: 13/19
  3649 | D:4      | Found a shimmering blue altar of Sif Muna.
  3866 | D:5      | Entered Level 5 of the Dungeon
  3921 | D:5      | Noticed a steam dragon
  3927 | D:5      | Killed a steam dragon
  3928 | D:5      | Reached skill level 8 in Spellcasting
  4110 | D:5      | Reached XP level 8. HP: 25/41 MP: 20/22
  4184 | D:5      | Found Noener's Book Shop.
  4479 | D:5      | Found a shimmering altar of Xom.
  4657 | D:5      | Found a hide-covered altar of Uskayaw.
  4657 | D:5      | Found a burning altar of Makhleb.
  4893 | D:6      | Reached skill level 9 in Spellcasting
  4893 | D:6      | Reached skill level 5 in Conjurations
  4899 | D:6      | Noticed Menkaure
  5099 | D:6      | Killed Menkaure
  5325 | D:6      | Found a radiant altar of Vehumet.
  5381 | D:6      | Became a worshipper of Vehumet
  5489 | D:6      | Found a stormy altar of Qazlal.
  5489 | D:6      | Found an iron altar of Okawaru.
  5715 | D:6      | Found a glowing golden altar of the Shining One.
  5862 | D:7      | Reached XP level 9. HP: 38/45 MP: 11/24
  5865 | D:7      | Reached skill level 10 in Spellcasting
  7507 | D:8      | Found Pud Toph's Distillery.
  7521 | D:8      | Found a blossoming altar of Fedhas.
  7562 | D:8      | Found a shadowy altar of Dithmenos.
  7691 | D:8      | Noticed Gastronok
  7692 | D:8      | Noticed Joseph
  7693 | D:8      | Shot with a bolt by an orc warrior

Illustrated notes

Levels and vault maps discovered:
D:1:      dpeg_arrival_ratfight, layout_loops_ring, serial_shops,
          nicolae_shop_waterfront, chequers_serial_rivers_micro_e
D:2:      layout_loops_ring, uniq_natasha
D:3:      layout_basic, serial_glass, glass_columns_b, glass_columns_c,
          corner_web_ring
D:4:      layout_gridville, mainiacjoe_overflow_alcove_1,
          minmay_temple_entry_grid, uniq_duvessa
D:5:      layout_loops_cross, mainiacjoe_overflow_boulevard,
          chequers_temple_overflow_statue_of_worship, serial_shops, shop
D:6:      layout_basic, mainiacjoe_overflow_chevrons, fiery_altar_vehumet,
          nicolae_overflow_two_pavilions, uniq_menkaure
D:7:      layout_layer_cave
D:8:      layout_basic, lemuel_crystal_altar,
          mainiacjoe_overflow_catch_the_wave, fedhas_altar_1, serial_shops,
          shop_statue, uniq_pikel, uniq_gastronok, uniq_joseph
Temple:   corrupted_temple

Skill      XL: |  1  2  3  4  5  6  7  8  9 |
---------------+----------------------------+-----
Spellcasting   | 4 5 6 7 8 9 10 | 10.9
Earth Magic    | 4 5 6 7 8 9 |  9.4
Conjurations   | 2 4 6 7 |  7.2
Dodging        | |  2.4
Stealth        | |  2.4
Transmutations | |  1.1

Action                     |  1- 3 |  4- 6 |  7- 9 || total
---------------------------+-------+-------+-------++-------
  Melee: Unarmed           |       |     1 |       ||     1
   Cast: Sandblast         |    36 |    83 |    93 ||   212
         Stone Arrow       |       |     5 |    20 ||    25
 Armour: Robe              |     4 |     7 |     6 ||    17
  Dodge: Dodged            |     2 |    24 |    28 ||    54

Table legend: (Time is in decaauts)
 A = Elapsed time spent in this place.
 B = Non-inter-level travel time spent in this place.
 C = Inter-level travel time spent in this place.
 D = Time resting spent in this place.
 E = Time spent auto-exploring this place.
 F = Levels seen in this place.
 G = Mean time per level.
                   A        B        C        D        E       F      G
               +--------+--------+--------+--------+--------+-----+--------+
         Total |   7802 |   7539 |    263 |    888 |   5759 |   9 |  866.9 |
       Dungeon |   7754 |   7502 |    252 |    888 |   5737 |   8 |  969.2 |
        Temple |     47 |     36 |     11 |      0 |     22 |   1 |   47.0 |
               +--------+--------+--------+--------+--------+-----+--------+

Top non-repeatable levels by time:
     D:7: 1324 daAuts
     D:5: 1223 daAuts
     D:6: 1119 daAuts
     D:1: 1035 daAuts
     D:3: 979 daAuts
     D:2: 971 daAuts
     D:4: 900 daAuts
     D:8: 200 daAuts
  Temple: 47 daAuts
